AoeStats
← Leyeb

Arabia

510306884Analyzed
1v1 RM · 1d ago on Sep 30, 2026· 55m 27s· 2 players
Game mode
Random Map
Map size
Tiny (2 player)
Population
200
Speed
Normal
Resources
Standard
Victory
Conquest
Starting age
Dark Age
Ending age
Imperial Age
RankedLock teamsTeams togetherTeam positionsShared explorationLock speedFull tech treeHidden civsTurbo modeCheats
Victory
Defeat
🇨🇳 Teutons · China
1269
+16
🇹🇼 Mongols · Taiwan
1262
-16
K-H-L
5:17 Loom
8:32 Feudal Age
9:43 Double-Bit Axe
14:56 Horse Collar
19:10 Fletching
24:59 Castle Age
23:08 Gold Mining
23:22 Padded Archer Armor
24:33 Bloodlines
25:44 Bodkin Arrow
26:43 Leather Archer Armor
33:24 Ballistics
37:42 Wheelbarrow
38:05 Husbandry
40:27 Hand Cart
39:59 Town Watch
41:15 Gold Shaft Mining
46:11 Imperial Age
44:10 Heavy Plow
44:22 Bow Saw
46:54 Scale Barding Armor
47:00 Forging
46:12 Light Cavalry
47:25 Conscription
47:04 Elite Mangudai
48:27 Bracer
49:25 Hussar
53:43 Chemistry
52:52 Thumb Ring
53:13 Parthian Tactics
Leyeb
6:34 Loom
8:33 Feudal Age
19:01 Double-Bit Axe
23:54 Castle Age
22:16 Forging
24:30 Stone Mining
25:01 Scale Barding Armor
26:03 Town Watch
26:56 Wheelbarrow
27:23 Stone Mining
29:38 Horse Collar
30:23 Gold Mining
33:37 Hand Cart
36:26 Imperial Age
36:03 Hand Cart
36:06 Gold Mining
36:37 Scale Mail Armor
36:42 Squires
38:44 Bow Saw
41:31 Hoardings
41:34 Stone Shaft Mining
42:00 Two-Man Saw
41:02 Heavy Plow
42:44 Conscription
41:54 Sappers
43:45 Siege Engineers
43:54 Elite Skirmisher
44:38 Fletching
44:48 Padded Archer Armor
45:16 Pikeman
46:33 Iron Casting
46:13 Chain Mail Armor
45:54 Bodkin Arrow
46:01 Halberdier
46:59 Leather Archer Armor
47:19 Arson
48:13 Hoardings
47:59 Ironclad
48:42 Blast Furnace
49:05 Plate Mail Armor
48:57 Ballistics
49:38 Chemistry
50:04 Masonry
49:45 Guard Tower
49:42 Arrowslits
53:12 Keep
52:49 Masonry
55:18 Ring Archer Armor
Connection lost

Rejoining the realm…

Still unreachable

The connection could not be restored.

Session expired

The server has moved on; the page needs a fresh start.